 Dungeon Crawl Stone Soup version 0.22-a0-3-g4fa69d9a97 (webtiles) character file.

66 Manul the Ducker (level 3, 0/15 HPs)
             Began as a Spriggan Abyssal Knight on Jan 1, 2018.
             Was a Follower of Lugonu.
             Slain by an orc
             ... wielding a +0 dagger
              (4 damage)
             ... on level 2 of the Dungeon.
             The game lasted 00:02:26 (2186 turns).

Manul the Ducker (Spriggan Abyssal Knight)          Turns: 2186, Time: 00:02:27

Health: 0/15       AC:  2    Str:  6    XL:     3   Next: 96%
Magic:  5/5        EV: 20    Int: 18    God:    Lugonu [*.....]
Gold:   88         SH:  0    Dex: 20    Spells: 2/2 levels left

rFire    + . .     SeeInvis +   a - +1 short sword
rCold    x . .     Gourm    .   (shield restricted)
rNeg     . . .     Faith    .   b - +0 robe
rPois    .         Spirit   .   (helmet restricted)
rElec    .         Reflect  .   (no cloak)
rCorr    .         Harm     .   (gloves unavailable)
MR       .....                  (boots unavailable)
Stlth    +++.......             (no amulet)
HPRegen  0.05/turn              f - ring "Huillav" {Fire Str-3 Dex+5 Slay+5}
MPRegen  0.09/turn              (no ring)

@: brilliant, very quick
A: very small, unfitting armour, see invisible, herbivore, speed 3, [frail 2],
slow metabolism 2
a: Depart the Abyss, Renounce Religion


You were on level 2 of the Dungeon.
You worshipped Lugonu.
Lugonu was aware of your devotion.
You were not hungry.

You visited 1 branch of the dungeon, and saw 2 of its levels.
You visited the Abyss 1 time.

You collected 88 gold pieces.

Inventory:

Hand Weapons
 a - a +1 short sword (weapon)
Armour
 b - a +0 robe (worn)
 t - a +2 buckler
Jewellery
 e - an uncursed ring of see invisible {unknown}
 f - the ring "Huillav" (left hand) {Fire Str-3 Dex+5 Slay+5}
   (You found it on level 2 of the Abyss)

   [ring of fire]

   It enhances your fire magic.
   It affects your strength (-3).
   It affects your dexterity (+5).
   It affects your accuracy and damage with ranged weapons and melee attacks
   (+5).
   It protects you from fire.
   It makes you vulnerable to cold.
Wands
 d - a wand of paralysis (10)
 h - a wand of acid (8)
Scrolls
 i - 2 scrolls of immolation {unknown}
 j - a scroll of fog {unknown}
 m - a scroll of random uselessness {unknown}
 p - 2 scrolls of teleportation
 q - a scroll of remove curse {unknown}
Potions
 g - 2 potions of agility {unknown}
 k - a potion of brilliance
 l - a potion of ambrosia {unknown}
 n - 2 potions of degeneration {unknown}
 o - 3 potions of curing {unknown}
 r - 2 potions of heal wounds {unknown}
 s - a potion of flight {unknown}
Comestibles
 c - 8 rations


   Skills:
 - Level 2.6 Fighting
 + Level 3.1 Short Blades
 + Level 4.4 Dodging
 * Level 3.3 Stealth
 - Level 1.8 Invocations


You had 2 spell levels left.
You didn't know any spells.

Dungeon Overview and Level Annotations

Branches:
Dungeon (2/15)

Altars:
Qazlal


Innate Abilities, Weirdness & Mutations

You are very small and have problems with some larger weapons.
You are too small for most types of armour.
You have supernaturally acute eyesight. (SInv)
You are a herbivore.
You cover ground extremely quickly.
You need consume almost no food.
[You are very frail. (-20% HP)]


Message History

The orc is almost dead.
The orc throws a tomahawk.
The tomahawk hits you. The orc closely misses you.
Unknown command.
Unknown command.
You hit the orc.
You kill the orc!
Lugonu accepts your kill.
Unknown command.
You hit the orc.
The orc is almost dead.
The orc hits you with a hand axe!
* * * LOW HITPOINT WARNING * * *
The orc closely misses you.
You are too injured to fight recklessly!
Unknown command.
It was a potion of brilliance.
You feel clever all of a sudden. The orc barely misses you.
The orc closely misses you. The orc hits you with a dagger.
You die...

######..... #.##
#.....)##.##.....
#.###..##....#
#.#.......##.#.#
#.#.#..##......#
#.#.#........###
#.....)).....#
##.#############
#####.#####@o.....#
#........##oo.....#
#..##.#.>##.......#
#. ##.#..##.......#
#..#..#..##.......#
#.#
#..#.##..##....(..#
.##.#
#...[....##........
.....
####.#######.####.#
#.#.# #.#### #.#.#


You could see 3 orcs.

Vanquished Creatures
  2 adders (D:2)
  An ooze (D:1)
  A worm (D:2)
  3 dart slugs
  An orc (D:2)
  2 bats (D:2)
  2 giant cockroaches
  4 goblins (D:1)
  4 hobgoblins
  3 jackals (D:1)
  4 frilled lizards
  3 kobolds (D:2)
  5 rats
35 creatures vanquished.

Notes
Turn   | Place    | Note
-------+----------+-------------------------------------------
     0 | Abyss:1  | Manul the Spriggan Abyssal Knight began the quest for the Orb.
     0 | Abyss:1  | Reached XP level 1. HP: 11/11 MP: 3/3
    49 | Abyss:1  | Noticed a chaos spawn
    62 | Abyss:1  | Found a corrupted altar of Lugonu.
    81 | Abyss:2  | Got an ancient jade ring
    82 | Abyss:2  | Identified the ring "Huillav" {Fire Str-3 Dex+5 Slay+5} (You found it on level 2 of the Abyss)
   151 | Abyss:2  | Noticed a wretched star
   156 | Abyss:2  | Noticed a freezing wraith
   162 | D:1      | Escaped the Abyss
   613 | D:1      | Reached XP level 2. HP: 12/12 MP: 4/4
   667 | D:1      | Reached skill level 1 in Stealth
   806 | D:1      | Reached * piety under Lugonu
   812 | D:1      | Reached skill level 4 in Dodging
  1960 | D:2      | Reached XP level 3. HP: 15/15 MP: 5/5
  2091 | D:2      | Found a stormy altar of Qazlal.
  2186 | D:2      | Slain by an orc

Vault maps used:
D:1:      dpeg_arrival_erosion, serial_co_window_serial, co_window_paths_b,
          co_window_paths_a, co_window_of_opportunity_a,
          co_window_of_opportunity_a, co_window_of_opportunity_a,
          co_window_paths_b, co_window_corner_b, co_window_cross_3,
          co_window_of_opportunity_b, co_window_unsneaky_path_b,
          co_window_corner_ca, glass_columns_a, glass_columns_c,
          glass_columns_a, glass_columns_c
D:2:      nicolae_overflow_crystal_walls, st_stairs_11
Abyss:2:  hangedman_cross_veins

Skill      XL: |  1  2  3 |
---------------+----------+-----
Stealth        | 2 3 |  3.3
Dodging        | 4 |  4.4
Short Blades   | 3 |  3.1
Fighting       | |  2.6
Invocations    | |  1.8

Action                   || total
-------------------------++-------
Melee: Short sword       ||    78
Invok: Depart the Abyss  ||     1
  Use: Scroll            ||     2
       Potion            ||     1
 Stab: Sleeping          ||     9
Armor: Robe              ||     7
Dodge: Dodged            ||    78

Table legend:
 A = Spawn XP
 B = Non-spawn XP
 C = Spawn XP percentage of total XP
 D = Spawn monster count
 E = Non-spawn monster count
 F = Spawn count percentage of total count
 G = Total turns spent on level
                    A         B        C        D         E        F      G
               +---------+---------+-------+---------+---------+-------+---------
         Total |       0 |      95 |   0.0 |       0 |      35 |   0.0 |  2186
               +---------+---------+-------+---------+---------+-------+---------
           D:1 |       0 |      38 |   0.0 |       0 |      16 |   0.0 |  1690
           D:2 |       0 |      57 |   0.0 |       0 |      19 |   0.0 |   334
               +---------+---------+-------+---------+---------+-------+---------
